Map: Храм во льдах

Players

Raphtor

  • Race: Zerg Zerg
  • League: Master
  • Spawn Location: 5:00

Revolver - Winner!

  • Race: Zerg Zerg
  • League: Master
  • Spawn Location: 11:00

VOD

Have the link to the VOD?

Description

Time

  • Played on: Sept. 29, 2016, 4:52 p.m.
  • Length: 4:57
Show
View Real Time Build Order
Export as new Build Order

Raphtor Zerg 

Build Orders: Pool First 

Get SALT Encoding   

  12  0:01  Drone  
  13  0:09  Drone  
  14  0:17  Overlord  
  14  0:27  Drone, Extractor  
  15  0:38  Drone x2  
  17  0:45  Drone  
  18  0:51  Spawning Pool  
  17  1:09  Hatchery  
  16  1:12  Drone  
  17  1:19  Drone x2  
  19  1:27  Extractor  
  19  1:29  Drone  
  19  1:38  Queen  
  19  1:39  Overlord  
  21  1:49  Drone  
  22  1:59  Drone  
  23  2:12  Drone  
  23  2:13  Queen  
  26  2:21  Queen  
  28  2:23  Drone x2  
  28  2:26  Metabolic Boost  
Show
View Real Time Build Order
Export as new Build Order

Revolver Zerg - Winner!

Build Orders: Hatch First, Ravager All-In 

Get SALT Encoding   

  12  0:01  Drone  
  13  0:13  Overlord  
  13  0:19  Drone  
  14  0:33  Drone x2  
  16  0:38  Drone  
  17  0:52  Hatchery  
  16  0:57  Drone  
  16  0:59  Drone  
  18  1:12  Extractor  
  18  1:14  Spawning Pool  
  18  1:16  Drone  
  17  1:22  Drone  
  18  1:31  Drone  
  19  1:42  Overlord  
  19  2:02  Queen  
  19  2:04  Queen  
  19  2:08  Drone x2  
  25  2:22  Drone x3  
  28  2:29  Drone x2  
  28  2:33  Roach Warren  
  28  2:35  Roach Warren  
  28  2:40  Drone  
  28  2:41  Drone  
  28  2:49  Overlord  
  28  2:50  Evolution Chamber  
  28  3:02  Drone x2  
  28  3:03  Drone  
  28  3:06  Lair  
  28  3:09  Extractor  
  28  3:13  Drone  
  28  3:14  Drone x5  
  28  3:17  Drone  
  28  3:38  Overlord  
  28  3:42  Extractor  
  28  3:44  Overlord  
  28  3:46  Roach x3  
  28  3:48  Overlord x2  
  28  4:00  Roach x4  
  28  4:24  Ravager  
  28  4:25  Ravager  
  28  4:43  Ravager x2  
  28  4:44  Ravager  
Tags
 
Add a new tag
Caveats
  • Supply blocks, unpowered buildings, or Contaminate may cause inaccurate times.
  • Supply counts are checked every 10 seconds.